 Dungeon Crawl Stone Soup version 0.29.1-14-g9c671dbff4 (webtiles) character file.

Game seed: 17884313040129382928

235 LustLizard the Digger (level 6, -3/35 HPs)
             Began as a Gargoyle Earth Elementalist on Feb 18, 2023.
             Was an Initiate of Makhleb.
             Constricted to death by Pikel (10 damage)
             ... on level 4 of the Dungeon.
             The game lasted 00:05:24 (3082 turns).

LustLizard the Digger (Gargoyle Earth Elementalist) Turns: 3082, Time: 00:05:24

Health: -3/35      AC:  7    Str: 12    XL:     6   Next: 5%
Magic:  7/10       EV:  8    Int: 17    God:    Makhleb [......]
Gold:   268        SH:  0    Dex: 10    Spells: 6/10 levels left

rFire   . . .      SeeInvis .   p - +0 short sword (venom)
rCold   . . .      Faith    .   (no shield)
rNeg    + . .      Spirit   .   a - +0 robe
rPois   ∞          Reflect  .   (no helmet)
rElec   +          Harm     .   w - +0 cloak
rCorr   .          Rampage  .   (no gloves)
Will    .....                   (no boots)
Stlth   ++........              (no amulet)
HPRegen 0.11/turn               m - ring of flight
MPRegen 0.12/turn               (no ring)

@: grasped by roots, flying, constricted
A: sickness immunity, AC +4, negative energy resistance 1, electricity
resistance, torment resistance 1, petrification resistance
a: Renounce Religion


You were on level 4 of the Dungeon.
You worshipped Makhleb.
Makhleb was noncommittal.
You visited 2 branches of the dungeon, and saw 5 of its levels.

You collected 268 gold pieces.

Inventory:

Hand Weapons
 h - a +0 mace
 p - a +0 short sword of venom (weapon)
Armour
 a - a +0 robe (worn)
 l - a +0 ring mail of cold resistance
 u - the +3 ring mail of Bitterness {*Corrode rN++ Int+4}
   (You found it on level 3 of the Dungeon)

   Int:       It affects your intelligence (+4).
   rN:        It greatly protects you from negative energy.
   *Corrode:  It may corrode you when you take damage.
 w - a +0 cloak (worn)
Jewellery
 m - a ring of flight (left hand)
Scrolls
 c - 2 scrolls of butterflies
 e - a scroll of enchant armour {unknown}
 f - 2 scrolls of poison {unknown}
 i - 3 scrolls of identify
 k - a scroll of blinking {unknown}
 n - 2 scrolls of teleportation {unknown}
 o - a scroll of immolation {unknown}
 r - a scroll of fear {unknown}
 t - a scroll of enchant weapon {unknown}
Potions
 b - 2 potions of magic
 d - a potion of mutation
 g - 2 potions of curing
 j - 3 potions of lignification
 q - 2 potions of berserk rage
 s - a potion of haste
 v - a potion of brilliance


   Skills:
 + Level 2.3 Fighting
 - Level 1.5 Dodging
 - Level 2.1 Stealth
 + Level 2.8 Spellcasting
 * Level 2.7 Transmutations
 * Level 5.4 Earth Magic


You had 6 spell levels left.
You knew the following spells:

 Your Spells              Type           Power      Damage    Failure   Level
a - Sandblast             Erth           40%        2d10      1%          1
b - Stone Arrow           Conj/Erth      22%        3d8       17%         3

Your spell library contained the following spells:

 Spells                   Type           Power      Damage    Failure   Level
 Passwall                 Tmut/Erth      13%        N/A       4%          2
 Apportation              Tloc           4%         N/A       19%         1
 Necrotise                Necr           8%         1d4       19%         1
 Summon Small Mammal      Summ           8%         N/A       19%         1
 Ensorcelled Hibernation  Hex/Ice        4%         N/A       26%         2
 Spider Form              Tmut/Pois      7%         N/A       30%         3
 Petrify                  Tmut/Erth      16%        N/A       32%         4
 Gell's Gravitas          Tloc           2%         N/A       47%         3
 Inner Flame              Hex/Fire       2%         N/A       47%         3
 Portal Projectile        Hex/Tloc       4%         N/A       47%         3
 Teleport Other           Tloc           2%         N/A       47%         3
 Tukima's Dance           Hex            2%         N/A       47%         3
 Blade Hands              Tmut           5%         N/A       85%         5
 Anguish                  Hex/Necr       1%         N/A       87%         4
 Cause Fear               Hex            1%         N/A       87%         4
 Dispersal                Tloc           1%         N/A       100%        6
 Discord                  Hex            1%         N/A       100%        8


Dungeon Overview and Level Annotations

Branches:
Dungeon (4/15)             Temple (1/1) D:4

Altars:
Ashenzari
Cheibriados
Dithmenos
Elyvilon
Fedhas
Makhleb
Okawaru
Qazlal
Ru
Trog
Uskayaw
Wu Jian
The Shining One

Annotations:
D:4 Menkaure, Pikel


Innate Abilities, Weirdness & Mutations

You are immune to sickness and miasma.
Your stone body is resilient. (AC +4)
You are immune to poison.
You resist negative energy. (rN+)
You are resistant to electric shocks. (rElec)
You are resistant to unholy torment.
You are immune to petrification.


Message History

The lemure shouts!
The kobold hits you but does no damage.
You hit the kobold.
The kobold is moderately wounded.
The kobold hits you but does no damage.
A lemure comes into view.
You miss the kobold.
The kobold is moderately wounded.
The kobold hits you but does no damage.
Okay, then.
You don't have any such object.
Fire/throw/use which item? ([*] to toss any item) (? for menu, Esc to quit)
Okay, then.
Unknown command.
Okay, then.
Aiming: Sandblast (safe; 1% risk of failure)
Press: ? - help, Q - select action Shift-Dir - straight line, f - Pikel
Aim: Pikel, wielding a +2 whip of electrocution, wearing a +0 robe and carrying a wand of roots (9) (79% to hit)
The blast of sand hits Pikel but does no damage.
Pikel zaps a wand.
The roots erupt in riotous growth!
The grasping roots grab you!
Pikel is unaffected.
The grasping roots constrict you.
You hear a shout!
Aiming: Sandblast (safe; 1% risk of failure)
Press: ? - help, Q - select action Shift-Dir - straight line, f/p - Pikel
Aim: Pikel, wielding a +2 whip of electrocution, wearing a +0 robe and carrying a wand of roots (8) (79% to hit)
The blast of sand hits Pikel.
Pikel is lightly wounded.
Pikel hits you with a +2 whip of electrocution!
The grasping roots constrict you.
Pikel hits you with a +2 whip of electrocution.
The grasping roots constrict you.
* * * LOW HITPOINT WARNING * * *
Aiming: Sandblast (safe; 1% risk of failure)
Press: ? - help, Q - select action Shift-Dir - straight line, f/p - Pikel
Aim: Pikel, wielding a +2 whip of electrocution, wearing a +0 robe and carrying a wand of roots (8) (lightly wounded, 79% to hit)
The blast of sand hits Pikel!
Pikel is moderately wounded.
Pikel closely misses you. The grasping roots constrict you!
You die... ##### ... ... 55. ##5## 5gK

#K# #@# #.# #.#
#.# ########.#
#.# #........#
#.#
#.##########.#
#.# #...#.# #.#
####.#'#.#####..
#.#
#...............
#.#
#.......########


You could see Pikel, 4 lemures, a hobgoblin and a kobold.

Vanquished Creatures
  An ogre (D:4)
  Crazy Yiuf (D:3)
  4 adders
  An ufetubus (D:3)
  2 worms (D:2)
  2 dart slugs
  An orc (D:4)
  4 ball pythons
  9 bats
  6 endoplasms
  2 giant cockroaches (D:1)
  11 goblins
  5 hobgoblins
  5 kobolds
  5 quokkas
  5 frilled lizards
  3 rats
67 creatures vanquished.

Vanquished Creatures (others)
  4 fungi
  2 plants
6 creatures vanquished.

Grand Total: 73 creatures vanquished

Notes
Turn   | Place    | Note
-------+----------+-------------------------------------------
     0 | D:1      | LustLizard the Gargoyle Earth Elementalist began the quest
                  | for the Orb.
     0 | D:1      | Reached XP level 1. HP: 10/10 MP: 3/3
   251 | D:1      | Reached skill level 1 in Transmutations
   256 | D:1      | Reached XP level 2. HP: 16/16 MP: 0/5
   507 | D:1      | Reached skill level 4 in Earth Magic
   868 | D:1      | Reached XP level 3. HP: 20/20 MP: 4/6
  1036 | D:2      | Found a stormy altar of Qazlal.
  1070 | D:2      | Reached skill level 1 in Fighting
  1215 | D:2      | Reached XP level 4. HP: 24/25 MP: 5/7
  1535 | D:2      | Found a faded altar of an unknown god.
  2409 | D:3      | Identified the +3 ring mail of Bitterness {*Corrode rN++
                  | Int+4}
  2509 | D:3      | Found a runed translucent door.
  2510 | D:3      | Noticed Crazy Yiuf
  2516 | D:3      | Killed Crazy Yiuf
  2517 | D:3      | Reached XP level 5. HP: 30/30 MP: 4/8
  2632 | D:4      | Noticed an ogre
  2637 | D:4      | Killed an ogre
  2638 | D:4      | Reached skill level 5 in Earth Magic
  2799 | D:4      | Reached XP level 6. HP: 35/35 MP: 7/10
  2804 | D:4      | Learned a level 3 spell: Stone Arrow
  2846 | D:4      | Noticed Menkaure
  2891 | D:4      | Found a staircase to the Ecumenical Temple.
  2899 | Temple   | Entered the Ecumenical Temple
  2930 | Temple   | Became a worshipper of Makhleb the Destroyer
  3075 | D:4      | Noticed Pikel
  3082 | D:4      | Constricted to death by Pikel

Illustrated notes

Levels and vault maps discovered:
D:1:      saegor_arrival_fortress, layout_rooms, minivault_19,
          roderic_serpentine_path, hangedman_decor_lopped
D:2:      layout_rooms, shapermc_ecumenical_altar_acropolis, basic_altar
D:3:      layout_rooms, amcnicky_mini_pool_small, hex_large,
          grunt_decor_mini_mirrors, serial_bayou_pond_b, uniq_crazy_yiuf_cottage
D:4:      layout_basic, minmay_temple_entry_glassed_door, uniq_pikel,
          uniq_menkaure
Temple:   nicolae_temple_ecumenical_triangle

Skill      XL: |  1  2  3  4  5 |
---------------+----------------+-----
Transmutations | 1 2 |  2.7
Earth Magic    | 4 5 |  5.4
Fighting       | 1 2 |  2.3
Dodging        | |  1.5
Stealth        | |  2.1
Spellcasting   | |  2.8

Action                   |  1- 3 |  4- 6 || total
-------------------------+-------+-------++-------
Melee: Mace              |    10 |       ||    10
       Short sword       |     3 |    10 ||    13
 Cast: Sandblast         |    39 |    55 ||    94
  Use: Scroll            |       |     7 ||     7
 Stab: Sleeping          |       |     2 ||     2
Armor: Robe              |     8 |    18 ||    26
Dodge: Dodged            |    15 |    19 ||    34
